 Dungeon Crawl Stone Soup version 0.17-a0-1210-g1e4f09d (webtiles) character file.

7 SWAGNEMITE the Skirmisher (level 1, -1/16 HPs)
             Began as a Demonspawn Wanderer on June 3, 2015.
             Slain by a hobgoblin
             ... wielding a +0 club
              (5 damage)
             ... on level 1 of the Dungeon.
             The game lasted 00:01:39 (233 turns).

SWAGNEMITE the Skirmisher (Demonspawn Wanderer)      Turns: 233, Time: 00:01:39

Health: -1/16      AC:  2    Str: 14    XL:     1   Next: 91%
Magic:  2/2        EV: 12    Int: 13    God:
Gold:   29         SH:  0    Dex: 10    Spells: 0 memorised, 0 levels left

rFire  . . .     SeeInvis .     i - +0 whip (curse)
rCold  . . .     Clarity  .     d - +0 robe
rNeg   . . .     SustAt   .     (no shield)
rPois  .         Gourm    .     (no helmet)
rElec  .         Spirit   .     (no cloak)
rCorr  .         Warding  .     (no gloves)
rMut   .         Stasis   .     (no boots)
MR     .....                    (no amulet)
Stlth  +.........               (no ring)
                                (no ring)

@: not resistant to hostile enchantments, very unstealthy
A: no striking features
a: no special abilities


You were on level 1 of the Dungeon.
You were not hungry.

You visited 1 branch of the dungeon, and saw 1 of its levels.

You collected 29 gold pieces.

Inventory:

Hand weapons
 i - a cursed +0 whip (weapon)
   (You took it off a kobold on level 1 of the Dungeon)
Armour
 d - a +0 robe (worn)
Potions
 g - a potion of cancellation
Books
 b - the Incunabulum of Creation

   Spells                             Type                      Level
   a - Summon Small Mammal            Summoning                    1
   b - Summon Guardian Golem          Hexes/Summoning              3
 c - the Collected Works on Attacks

   Spells                             Type                      Level
   a - Sting                          Conjuration/Poison           1
   b - Throw Frost                    Conjuration/Ice              2
Miscellaneous
 a - a stone of tremors
Comestibles
 f - 2 bread rations {@e1}
 h - a beef jerky


   Skills:
 + Level 2.2 Fighting
   Level 1.0 Polearms
 + Level 1.4 Dodging
 + Level 1.1 Stealth
   Level 2.0 Conjurations
   Level 1.0 Transmutations
 + Level 2.1 Evocations


You couldn't memorise any spells.
You didn't know any spells.

Dungeon Overview and Level Annotations

Branches:
Dungeon (1/15)

Altars:


Message History

You see here a whip.
f - 2 bread rations {@e1} (gained 1)
h - a beef jerky A hobgoblin comes into view.
It is wielding a club.
A hobgoblin is nearby!
The hobgoblin shouts!
The hobgoblin barely misses you.
You barely miss the hobgoblin. The hobgoblin hits you with a club.
The hobgoblin closely misses you.
You take 3 damage, and have 13/16 hp.
You hit the hobgoblin. The hobgoblin barely misses you.
You hit the hobgoblin. The hobgoblin barely misses you.
You hit the hobgoblin but do no damage. The hobgoblin barely misses you.
You hit the hobgoblin but do no damage. The hobgoblin closely misses you.
You closely miss the hobgoblin. The hobgoblin hits you with a club.
You take 1 damage, and have 12/16 hp.
You barely miss the hobgoblin.
The hobgoblin hits you but does no damage.
You barely miss the hobgoblin. The hobgoblin hits you with a club.
You take 2 damage, and have 10/16 hp.
You hit the hobgoblin but do no damage. The hobgoblin closely misses you.
You hit the hobgoblin.
You kill the hobgoblin!
No target in view!
You start resting.
A kobold comes into view. It is wielding a whip.
Health restored: 16 A kobold is nearby!
The kobold shouts!
The kobold throws a stone.
The stone hits you but does no damage.
Found a stone staircase leading down.
You see here a stone.
The kobold throws a stone.
The stone closely misses you.
The kobold throws a stone.
The stone barely misses you. The kobold hits you but does no damage.
You hit the kobold. The kobold hits you with a whip.
The kobold hits you but does no damage.
You take 3 damage, and have 13/16 hp.
You closely miss the kobold. The kobold misses you.
You hit the kobold.
You kill the kobold!
No target in view!
Things that are here:
a whip; 2 stones; a kobold corpse
i - a whip Wield which item (- for none, * to show all)? (? for menu, Esc to quit)
It sticks to your hand!
i - a cursed +0 whip (weapon)
Drop what? 9/52 slots (_ for help) (? for menu, Esc to quit)
You drop a +0 club.
You see here a stone.
e - a scroll labeled CED JUFIARPH Read which item? (? for menu, Esc to quit)
As you read the scroll labeled CED JUFIARPH, it crumbles to dust.
It is a scroll of identify.
Identify which item? (\ to view known items) (? for menu, Esc to quit)
g - a potion of cancellation A kobold comes into view.
A bat comes into view.
You hit the kobold.
You kill the kobold!
The bat misses you.
You hit the bat. The bat misses you. The bat barely misses you.
You barely miss the bat. The bat hits you.
You take 1 damage, and have 13/16 hp.
You hit the bat. The bat barely misses you.
The bat hits you but does no damage.
You miss the bat. The bat barely misses you.
You hit the bat.
You kill the bat!
No target in view!
You now have 15 gold pieces.
You now have 29 gold pieces (gained 14).
A goblin comes into view. It is wielding a club.
A goblin is nearby!
You regained 2 hp, and now have 15/16 hp.
A bat comes into view.
The goblin shouts!
A hobgoblin comes into view. It is wielding a club.
The bat hits you. The goblin barely misses you.
You take 1 damage, and have 14/16 hp.
You hit the goblin but do no damage. The bat hits you.
The bat closely misses you. The goblin barely misses you.
You take 1 damage, and have 13/16 hp.
You miss the goblin. The bat hits you. The bat completely misses you.
The goblin barely misses you.
You take 1 damage, and have 12/16 hp.
You hit the goblin. The bat hits you. The goblin hits you with a club.
You take 2 damage, and have 10/16 hp.
You hit the goblin.
You kill the goblin!
The bat closely misses you.
You hit the hobgoblin. The bat closely misses you.
The hobgoblin hits you with a club.
* * * LOW HITPOINT WARNING * * *
You take 6 damage, and have 4/16 hp.
MASSIVE DAMAGE!!
You hit the hobgoblin but do no damage. The bat barely misses you.
The hobgoblin hits you with a club.
You die...

...#[.....≈≈≈
#.####.#......≈≈≈
#.# #....≈...≈≈≈
## #.##
#..#≈≈≈.≈≈≈# . ...
....#≈≈≈≈≈≈≈# #.
#.####.##########
#.##.#
#.##.......#
#.)g.#
#.##........
#@.####.##.##..#.#
#b.....#.....(.#.#
#.###.###....#.#.#
#.####.#.#.......#
#..........#.#.###
.(.............#
...........#.###
#.###########.#
#.#


You could see a hobgoblin and a bat.

Vanquished Creatures
  A bat (D:1)
  A goblin (D:1)
  A hobgoblin (D:1)
  3 kobolds (D:1)
6 creatures vanquished.

Notes
Turn   | Place    | Note
--------------------------------------------------------------
     0 | D:1      | SWAGNEMITE the Demonspawn Wanderer began the quest for the Orb.
     0 | D:1      | SWAGNEMITE set off with: a stone of tremors, the Incunabulum of Creation, the Collected Works on Attacks, a +0 robe, a +0 club, a bread ration {@e1}
     0 | D:1      | Reached XP level 1. HP: 16/16 MP: 2/2
     0 | D:1      | Identified the Incunabulum of Creation
     0 | D:1      | Identified the Collected Works on Attacks
   232 | D:1      | HP: 4/16 [hobgoblin/club (6)]
   233 | D:1      | Slain by a hobgoblin

Vault maps used:
D:1:      dpeg_arrival_pond

Action                   || total
-------------------------++-------
Melee: Club              ||    16
       Whip              ||    12
  Use: Scroll            ||     1

Vault maps used:
D:1:      dpeg_arrival_pond

Table legend:
 A = Turns spent in this place as a percentage of turns spent in the entire game.
 B = Non-inter-level travel turns spent in this place as a percentage of non-inter-level travel turns spent in the entire game.
 C = Inter-level travel turns spent in this place as a percentage of turns spent in this place.
 D = Turns resting spent in this place as a percentage of non-inter-level travel turns spent in this place.
 E = Turns spent auto-exploring this place as a percentage of non-inter-level travel turns spent in this place.
 F = Non-inter-level travel turns spent in this place divided by the number of levels of this place that you've seen.
                   A       B       C       D       E      F
               +-------+-------+-------+-------+-------+----------------------
         Total | 100.0 | 100.0 |   0.0 |   2.6 |   7.7 |  78.0
       Dungeon | 100.0 | 100.0 |   0.0 |   2.6 |   7.7 |  78.0
               +-------+-------+-------+-------+-------+----------------------

Table legend:
 A = Kills in this place as a percentage of kills in entire the game.
 B = Kills by you in this place as a percentage of kills by you in the entire game.
 C = Kills by friends in this place as a percentage of kills by friends in the entire game.
 D = Other kills in this place as a percentage of other kills in the entire game.
 E = Experience gained in this place as a percentage of experience gained in the entire game.
 F = Experience gained in this place divided by the number of levels of this place that you have seen.
                   A       B       C       D       E      F
               +-------+-------+-------+-------+-------+----------------------
         Total | 100.0 | 100.0 |  -nan |  -nan | 100.0 |  11.0
       Dungeon | 100.0 | 100.0 |  -nan |  -nan | 100.0 |  11.0
               +-------+-------+-------+-------+-------+----------------------
